 Dungeon Sprint DCSS version 0.31.0-32-g396128a36d (webtiles) character file.

Game seed: 6306789347401260228

91 Heoruswealwe the Poker (level 4, 0/44 HPs)
             Began as a Minotaur Fighter on Mar 21, 2024.
             Slain by an ufetubus (5 damage)
             ... in the Dungeon (Sprint IX: "|||||||||||||||||||||||||||||").
             The game lasted 00:00:25 (41 turns).

Heoruswealwe the Poker (Minotaur Fighter)             Turns: 41, Time: 00:00:25

Health: 0/44       AC: -4    Str: 22    XL:     4   Next: 33%
Magic:  3/3        EV:  9    Int:  5    God:
Gold:   0          SH:  4    Dex: 10    Spells: 3/3 levels left

rFire   . . .        a - +0 trident
rCold   . . .        d - +0 buckler
rNeg    . . .        c - +0 scale mail
rPois   .            (helmet restricted)
rElec   .            (no cloak)
rCorr   .            (no gloves)
SInv    .            (no boots)
Will    .....        (no amulet) Stlth
                     (no ring)
HPRegen 0.27/turn    (no ring)
MPRegen 0.08/turn

%: no teleportation
@: corroded
A: horns 2, retaliatory headbutt
a: no special abilities


You were in the Dungeon.
You visited 1 branch

Inventory:

Hand Weapons
 a - a +0 trident (weapon)
Armour
 c - a +0 scale mail (worn)
 d - a +0 buckler (worn)
Scrolls
 j - a scroll of blinking
Potions
 b - a potion of might
 e - a potion of curing
 f - a potion of heal wounds
 g - a potion of haste
 h - 2 potions of magic
 i - a potion of berserk rage


   Skills:
 + Level 6.3 Fighting
 * Level 7.7 Polearms
 + Level 6.2 Armour
 - Level 3.6 Shields


You had 3 spell levels left.
You didn't know any spells.
Your spell library was empty.

Dungeon Overview and Level Annotations

Branches:
Dungeon (1/1)

Altars:


Innate Abilities, Weirdness & Mutations

You have a pair of horns on your head.
You reflexively headbutt those who attack you in melee.


Message History

You kill the scorpion!
Your Fighting skill increases to level 5!
Your Polearms skill gained 3 levels and is now at level 6!
Your Armour skill increases to level 5!
You have reached level 2!
You have reached level 3!
Your experience leads to an increase in your attributes!
Increase (S)trength, (I)ntelligence, or (D)exterity?
You feel stronger. x2
You hit the jelly. The acid corrodes you!
Your hands burn!
The jelly is lightly wounded.
The jelly hits you but does no damage.
You hit the jelly but do no damage. The acid corrodes you!
Your hands burn!
The jelly is lightly wounded.
The jelly barely misses you.
You puncture the jelly! The acid corrodes you!
Your hands burn!
The jelly is severely wounded.
The jelly hits you.
You are splashed with acid!
You completely miss the jelly.
The jelly is severely wounded.
The jelly completely misses you. You furiously retaliate!
You headbutt the jelly, but do no damage.
You hit the jelly but do no damage.
Your hands burn!
You headbutt the jelly.
You kill the jelly!
Your Fighting skill increases to level 6!
Your Polearms skill increases to level 7!
Your Armour skill increases to level 6!
You have reached level 4!
You feel agile.
You hit the ufetubus but do no damage. The ufetubus hits you.
* * * LOW HITPOINT WARNING * * *
The ufetubus hits you.
* * * LOW HITPOINT WARNING * * *
You hit the ufetubus but do no damage. The ufetubus slips past you!
The ufetubus hits you.
* * * LOW HITPOINT WARNING * * *
The ufetubus barely misses you. The ufetubus misses you. The ufetubus hits you.
* * * LOW HITPOINT WARNING * * *
You hit the orc but do no damage. The ufetubus hits you.
You die...

▓.▓
▓.▓
▓.▓
▓'▓
▓)▓
▓.▓
▓.▓
▓5▓
▓@▓
▓o▓
▓r▓
▓.▓
▓.▓
▓.▓
▓.▓
▓+▓


You could see an ufetubus, an orc and a quokka.

Vanquished Creatures
  A scorpion (D)
  A jelly (D)
  3 endoplasms (D)
  A goblin (D)
  A rat (D)
7 creatures vanquished.

Notes
Turn   | Place    | Note
-------+----------+-------------------------------------------
     0 | D        | Heoruswealwe the Minotaur Fighter began the quest for the
                  | Orb.
     0 | D        | Reached XP level 1. HP: 19/19 MP: 0/0
     5 | D        | Reached skill level 3 in Polearms
    29 | D        | Noticed a scorpion
    29 | D        | Noticed a jelly
    33 | D        | Killed a scorpion
    34 | D        | Reached skill level 5 in Fighting
    34 | D        | Reached skill level 6 in Polearms
    34 | D        | Reached skill level 5 in Armour
    34 | D        | Reached XP level 2. HP: 30/30 MP: 1/1
    34 | D        | Reached XP level 3. HP: 37/37 MP: 2/2
    39 | D        | Reached skill level 7 in Polearms
    39 | D        | Reached XP level 4. HP: 17/44 MP: 3/3
    41 | D        | Slain by an ufetubus

Illustrated notes

Levels and vault maps discovered:
D:        linesprint [early_d, line_temple, items_1, d_10, items_2, lair_1,
          lair_end, items_3, orc_1, orc_end, items_4, d_15, swamp_1, shoals_1,
          snake_1, spider_1, d_20, vaults_1, items_5, swamp_end, shoals_end,
          snake_end, spider_end, vaults_end, d_27, items_6, zot_1, zot_end,
          crypt_end, forest_end, elf_end, slime_end, tomb_end, abyss_end,
          pan_hell_end]

Skill      XL: |  1  2  3 |
---------------+----------+-----
Polearms       | 6 7 |  7.7
Fighting       | 5 6 |  6.3
Armour         | 5 6 |  6.2
Shields        | |  3.6

Action                     |  1- 3 |  4- 6 || total
---------------------------+-------+-------++-------
  Melee: Trident           |    18 |     3 ||    21
         Headbutt          |     2 |       ||     2
 Armour: Scale mail        |     6 |     5 ||    11
  Dodge: Dodged            |     4 |     2 ||     6
  Block: Buckler           |     1 |       ||     1
